 Dungeon Crawl Stone Soup version 0.19.0-11-g3fc08b3 (webtiles) character file.

10997 Chiseanne the Thaumaturge (level 11, 0/89 HPs)
             Began as a Centaur Venom Mage on Nov 8, 2016.
             Was an Elder of Vehumet.
             Killed by vampiric draining
             ... invoked by a vampire
              (6 damage)
             ... on level 10 of the Dungeon.
             The game lasted 00:54:24 (19902 turns).

Chiseanne the Thaumaturge (Centaur Venom Mage)     Turns: 19902, Time: 00:54:25

Health: 0/89       AC: 19    Str: 11    XL:     11   Next: 43%
Magic:  2/25       EV:  8    Int: 16    God:    Vehumet [****..]
Gold:   345        SH:  0    Dex: 11    Spells: 7 memorised, 6 levels left

rFire  . . .     SeeInvis +     a - +3 flail (protect)
rCold  + . .     Gourm    .     d - +0 robe of Rationality {rPois MR+ SInv}
rNeg   . . .     Faith    .     (no shield)
rPois  +         Spirit   .     O - +0 helmet
rElec  .         Reflect  .     A - +0 cloak (curse)
rCorr  .         Harm     .     Q - +0 pair of gloves
MR     +....                    r - +0 centaur barding
Stlth  ..........               (no amulet)
                                H - ring of protection from cold
                                R - ring of loudness (curse)

@: protection aura, very slightly contaminated, very quick
A: hooves 3, deformed body, speed 2, tough skin 3
a: Renounce Religion


You were on level 10 of the Dungeon.
You worshipped Vehumet.
Vehumet was greatly pleased with you.
You were not hungry.

You visited 1 branch of the dungeon, and saw 10 of its levels.

You collected 593 gold pieces.
You spent 248 gold pieces at shops.

Inventory:

Hand Weapons
 a - a +3 flail of protection (weapon)
 s - a +1 trident of flaming
 G - a cursed -2 blowgun
Missiles
 e - 222 arrows
 h - 3 tomahawks
 n - 62 bolts
 p - 14 curare-tipped needles
 y - 36 poisoned needles
 C - 435 stones (quivered)
 I - 44 sling bullets
 K - 2 throwing nets
Armour
 d - the +0 robe of Rationality (worn) {rPois MR+ SInv}
   (You bought it in a shop on level 6 of the Dungeon)

   It protects you from poison.
   It affects your resistance to hostile enchantments.
   It lets you see invisible.
 r - a +0 centaur barding (worn)
 A - a cursed +0 cloak (worn)
 O - a +0 helmet (worn)
 Q - a +0 pair of gloves (worn)
Magical Staves
 v - an uncursed staff of poison
Jewellery
 l - an uncursed ring of poison resistance
 H - a ring of protection from cold (right hand)
 R - a cursed ring of loudness (left hand)
Wands
 i - a wand of iceblast (7/15)
 u - a wand of lightning (2/15)
 P - a wand of digging (5/24)
Scrolls
 k - 6 scrolls of enchant armour
 x - 2 scrolls of magic mapping
 B - 5 scrolls of teleportation
 E - 2 scrolls of remove curse
 L - 2 scrolls of amnesia
 N - a scroll of enchant weapon
 S - a scroll of brand weapon {unknown}
Potions
 g - a potion of cure mutation
 o - a potion of invisibility {unknown}
 q - a potion of flight
 t - 2 potions of might {unknown}
 D - a potion of resistance {unknown}
 F - 2 potions of magic
 M - a potion of mutation {unknown}
Books
 b - a Young Poisoner's Handbook

   Spells                             Type                      Level
   a - Sting                          Conjuration/Poison           1
   b - Mephitic Cloud                 Conjuration/Poison/Air       3
   c - Olgreb's Toxic Radiance        Poison                       4
   d - Alistair's Intoxication        Transmutation/Poison         5
   e - Venom Bolt                     Conjuration/Poison           5
 m - a book of Geomancy

   Spells                             Type                      Level
   a - Sandblast                      Earth                        1
   b - Passwall                       Transmutation/Earth          2
   c - Stone Arrow                    Conjuration/Earth            3
   d - Petrify                        Transmutation/Earth          4
   e - Lee's Rapid Deconstruction     Earth                        5
 w - a book of Frost

   Spells                             Type                      Level
   a - Freeze                         Ice                          1
   b - Throw Frost                    Conjuration/Ice              2
   c - Ozocubu's Armour               Charms/Ice                   3
   d - Throw Icicle                   Conjuration/Ice              4
   e - Summon Ice Beast               Ice/Summoning                4
Miscellaneous
 T - a sack of spiders
Comestibles
 c - 6 bread rations
 f - a slice of pizza
 j - 3 meat rations
 z - 4 beef jerkies


   Skills:
 - Level 6.1 Fighting
 - Level 4.8 Armour
 - Level 2.9 Dodging
 - Level 1.1 Stealth
 - Level 10.2 Spellcasting
 * Level 7.4 Conjurations
 - Level 3.0 Charms
 * Level 1.1 Fire Magic
 - Level 3.0 Ice Magic
 - Level 4.3 Poison Magic


You had 6 spell levels left.
You knew the following spells:

 Your Spells              Type           Power        Failure   Level  Hunger
a - Sting                 Conj/Pois      ####         1%          1    None
b - Mephitic Cloud        Conj/Pois/Air  ###.....     2%          3    None
c - Static Discharge      Conj/Air       ###.....     2%          3    None
d - Olgreb's Toxic Radia  Pois           ###.....     4%          4    ###....
e - Venom Bolt            Conj/Pois      ####......   8%          5    #####..
f - Ozocubu's Armour      Chrm/Ice       ###.....     10%         3    None
g - Fireball              Conj/Fire      ###.......   16%         5    #####..


Dungeon Overview and Level Annotations

Branches:
Dungeon (10/15)            Temple (0/1) D:5            Lair (0/6) D:10
    Orc (0/2) D:9

Altars:
Cheibriados
Dithmenos
Hepliaklqana
Kikubaaqudgha
Makhleb
Nemelex Xobeh
Qazlal
Sif Muna
Uskayaw
Vehumet
Xom
Zin
The Shining One

Shops:
D:4 ::   D:5 *   D:6 [   D:8 *

Portals:
Trove: D:10 (give +5 demon blade)

Annotations:
D:4 lynn's ghost, amateur FoFi
D:8 Gastronok


Innate Abilities, Weirdness & Mutations

You have hooves in place of feet.
Armour fits poorly on your strangely shaped body.
You cover ground very quickly.
You have extremely tough skin. (AC +3)


Message History

The vampire is struck by lightning.
The vampire is almost destroyed.
The lightning arcs!
You are struck by lightning.
The lightning grounds out.
The vampire is infused with unholy energy.
* * * LOW HITPOINT WARNING * * *
The vampire draws life force from you and is healed!
Casting: Static Discharge
Confirm with . or Enter, or press ? or * to list all spells.
You don't have enough magic to cast that spell.
Casting: Static Discharge
Confirm with . or Enter, or press ? or * to list all spells.
You don't have enough magic to cast that spell.
You hit the vampire but do no damage.
Your weapon exudes an aura of protection.
The vampire is almost destroyed.
The vampire is infused with unholy energy.
* * * LOW HITPOINT WARNING * * *
The vampire draws life force from you and is healed!
The vampire is infused with unholy energy.
You die...

....#..)....).....+ #....##'##'
....#.............# #....#.....
....#.>...........# #....#.§..§
###'#..)..........# #....)5...o
..#.###.......##'######....555...
..#...#......)#.......#....#§e..§
..#...#.......#.......#....#.§...
..#...#.......#.V.....#....##'##'
..#...'.......#.@.....#..).# .#
..#...#.......#.......#..†)# ##
..##'##.......##'##?..#..k.## ###
#.......#####.....# ###.Y5..###.#
#.......#...#.....# #..§§§#....
'.......#...#.....# #..§§§#....
#.......#...'.....# #..§§§#....
#.......##..#.....# #.....#..##
################### ##'########


You could see a vampire (invisible).

Vanquished Creatures
  An unseen horror (D:8)
  3 hill giants
  2 deep elf magi (D:10)
  2 komodo dragons (D:10)
  A two-headed ogre (D:8)
  4 hippogriffs
  A vampire (D:9)
  3 wyverns
  2 basilisks
  A hungry ghost (D:8)
  A water moccasin (D:5)
  Duvessa (D:4)
  A swamp drake (D:10)
  6 ice beasts
  5 orc warriors
  A sky beast (D:7)
  6 ogres
  A phantom (D:9)
  6 centaurs
  3 big kobolds
  2 crocodiles
  6 bullfrogs
  Dowan (D:4)
  A scorpion (D:8)
  6 killer bees (D:9)
  4 wights (D:8)
  3 howler monkeys
  5 crimson imps
  A centaur zombie (D:5)
  3 bullfrog skeletons
  9 hounds
  6 orc priests
  A centaur skeleton (D:8)
  An iron imp (D:10)
  Jessica (D:8)
  4 iguanas
  17 orc wizards
  Ijyb (D:3)
  4 worker ants
  A killer bee zombie (D:5)
  A hound skeleton (D:5)
  15 gnolls
  8 adders
  A shadow imp (D:10)
  An ooze (D:2)
  An adder skeleton (D:6)
  An adder zombie (D:5)
  2 worms
  5 dart slugs
  7 leopard geckos
  51 orcs
  2 ball pythons
  8 bats
  2 giant cockroaches
  17 goblins
  10 hobgoblins
  9 jackals (D:3)
  23 kobolds
  5 quokkas
  3 frilled lizards
  A jackal zombie (D:5)
  A leopard gecko zombie (D:5)
  A quokka zombie (D:5)
  8 rats
311 creatures vanquished.

Vanquished Creatures (others)
  An orc wizard (D:10)
  A white imp (D:10)
2 creatures vanquished.

Grand Total: 313 creatures vanquished

Notes
Turn   | Place    | Note
-------+----------+-------------------------------------------
     0 | D:1      | Chiseanne the Centaur Venom Mage began the quest for the Orb.
     0 | D:1      | Reached XP level 1. HP: 14/14 MP: 3/3
   246 | D:1      | Reached skill level 1 in Fighting
   246 | D:1      | Reached XP level 2. HP: 7/23 MP: 0/4
  1298 | D:1      | Reached XP level 3. HP: 23/28 MP: 5/5
  1516 | D:2      | Reached skill level 1 in Conjurations
  1654 | D:2      | Reached skill level 2 in Spellcasting
  2077 | D:2      | Found a snail-covered altar of Cheibriados.
  2078 | D:2      | Found a hide-covered altar of Uskayaw.
  2082 | D:2      | Found a radiant altar of Vehumet.
  2096 | D:2      | Reached XP level 4. HP: 31/35 MP: 4/7
  2303 | D:2      | Became a worshipper of Vehumet
  2965 | D:3      | Found a burning altar of Makhleb.
  2979 | D:3      | Found a glowing silver altar of Zin.
  2979 | D:3      | Noticed an angel
  2979 | D:3      | Noticed a cacodemon
  3054 | D:3      | Found a shadowy altar of Dithmenos.
  3357 | D:3      | Reached * piety under Vehumet
  3357 | D:3      | Offered knowledge of Shock by Vehumet.
  3572 | D:3      | Noticed Ijyb
  3587 | D:3      | Killed Ijyb
  3587 | D:3      | Reached XP level 5. HP: 38/41 MP: 0/8
  3822 | D:3      | Found a shimmering altar of Xom.
  4098 | D:3      | Found a glowing golden altar of the Shining One.
  4308 | D:3      | Reached skill level 1 in Armour
  4756 | D:4      | Found a shadowy altar of Dithmenos.
  4998 | D:4      | Noticed lynn's ghost (amateur FoFi)
  5043 | D:4      | Found a stormy altar of Qazlal.
  5195 | D:4      | Noticed a centaur
  5209 | D:4      | Killed a centaur
  5209 | D:4      | Reached XP level 6. HP: 18/50 MP: 9/9
  5495 | D:4      | Noticed Dowan
  5517 | D:4      | Noticed Duvessa
  5542 | D:4      | Killed Duvessa
  5543 | D:4      | Reached skill level 9 in Spellcasting
  5543 | D:4      | Reached XP level 7. HP: 7/56 MP: 10/20
  5548 | D:4      | Killed Dowan
  5548 | D:4      | Reached skill level 10 in Spellcasting
  5839 | D:3      | Learned a level 3 spell: Mephitic Cloud
  6332 | D:4      | Found a sparkling altar of Nemelex Xobeh.
  6361 | D:4      | Found Emacut Bycu's Book Shop.
  6384 | D:4      | Found Deyrej's Book Emporium.
  6442 | D:4      | Reached XP level 8. HP: 63/63 MP: 16/22
  6660 | D:5      | Entered Level 5 of the Dungeon
  6671 | D:5      | Got an encrusted short sword
  6677 | D:5      | Identified the cursed +1 short sword "Jelly's Nightmare" {drain, Str+4} (You found it on level 5 of the Dungeon)
  6793 | D:5      | Reached ** piety under Vehumet
  6793 | D:5      | Offered knowledge of Sandblast by Vehumet.
  7251 | D:5      | Found a staircase to the Ecumenical Temple.
  7405 | D:5      | Found Tylinem's General Store.
  7434 | D:5      | Bought a potion of degeneration for 10 gold pieces
  8199 | D:6      | Found Okofaata's Armour Shop.
  8817 | D:7      | Found a deep blue altar of Sif Muna.
  9007 | D:7      | Offered knowledge of Static Discharge by Vehumet.
  9020 | D:7      | Reached XP level 9. HP: 57/69 MP: 12/23
  9101 | D:7      | Found a burning altar of Makhleb.
  9159 | D:7      | Noticed a hill giant
  9312 | D:7      | Noticed a hill giant
  9460 | D:7      | Killed a hill giant
  9752 | D:7      | Found a hazy altar of Hepliaklqana.
  9825 | D:7      | Killed a hill giant
  9825 | D:7      | Reached *** piety under Vehumet
 10876 | D:8      | Learned a level 3 spell: Static Discharge
 11672 | D:8      | Killed an unseen horror
 11672 | D:8      | Reached skill level 5 in Conjurations
 11672 | D:8      | Reached XP level 10. HP: 61/80 MP: 4/24
 11791 | D:8      | Learned a level 4 spell: Olgreb's Toxic Radiance
 11797 | D:8      | Learned a level 5 spell: Venom Bolt
 12014 | D:8      | Noticed a hill giant
 12027 | D:8      | Killed a hill giant
 12027 | D:8      | Reached skill level 5 in Fighting
 12265 | D:8      | Noticed Jessica
 12274 | D:8      | Killed Jessica
 12300 | D:8      | Offered knowledge of Stone Arrow by Vehumet.
 12532 | D:8      | Found a sparkling altar of Nemelex Xobeh.
 12620 | D:8      | Found Noetubyth's Assorted Antiques.
 13621 | D:9      | Reached **** piety under Vehumet
 14696 | D:9      | Found a hide-covered altar of Uskayaw.
 14772 | D:9      | Noticed Gastronok
 15232 | D:9      | Offered knowledge of Fireball by Vehumet.
 16558 | D:7      | HP: 3/124 [hippogriff (5)]
 16565 | D:7      | Reached XP level 11. HP: 13/89 MP: 2/25
 17017 | D:6      | Bought the +0 robe of Rationality {rPois MR+ SInv} for 238 gold pieces
 17037 | D:6      | Learned a level 3 spell: Ozocubu's Armour
 17180 | D:8      | Noticed Gastronok
 17180 | D:8      | Gastronok changed into Gastronok the titan
 17615 | D:9      | Found a staircase to the Orcish Mines.
 17652 | D:9      | Reached skill level 1 in Charms
 17652 | D:9      | Reached skill level 1 in Ice Magic
 17979 | D:9      | Found an ancient bone altar of Kikubaaqudgha.
 18042 | D:10     | Entered Level 10 of the Dungeon
 18749 | D:10     | Noticed a deep elf mage
 19074 | D:10     | Noticed a deep elf mage
 19079 | D:10     | Killed a deep elf mage
 19266 | D:10     | Found a staircase to the Lair.
 19652 | D:10     | Learned a level 5 spell: Fireball
 19659 | D:10     | Killed a deep elf mage
 19659 | D:10     | Reached skill level 1 in Fire Magic
 19777 | D:10     | Found a portal to a secret trove of treasure.
 19902 | D:10     | Killed from afar by a vampire

Skill      XL: |  1  2  3  4  5  6  7  8  9 10 11 |
---------------+----------------------------------+-----
Fighting       | 1 2 3 4 6 |  6.1
Conjurations   | 1 2 3 5 6 7 |  7.4
Spellcasting   | 2 9 10 | 10.2
Dodging        | 2 |  2.9
Armour         | 1 2 4 |  4.8
Poison Magic   | 4 |  4.3
Charms         | 3 |  3.0
Ice Magic      | 3 |  3.0
Fire Magic     | 1 |  1.1
Stealth        | |  1.1

Action                   |  1- 3 |  4- 6 |  7- 9 | 10-12 || total
-------------------------+-------+-------+-------+-------++-------
Melee: Unarmed           |    20 |       |       |       ||    20
       Kick              |    19 |    37 |    46 |    55 ||   157
       Mace              |    88 |    25 |       |       ||   113
       Short sword       |       |   124 |   225 |    43 ||   392
       Flail             |       |    43 |       |   197 ||   240
       Halberd           |       |     2 |    23 |       ||    25
 Cast: Sting             |    22 |    48 |   222 |   447 ||   739
       Mephitic Cloud    |       |       |    20 |    33 ||    53
       Static Discharge  |       |       |    32 |   113 ||   145
       Venom Bolt        |       |       |       |    15 ||    15
       Olgreb's Toxic Ra |       |       |       |    13 ||    13
Evoke: Wand              |       |       |     3 |    17 ||    20
  Use: Potion            |     4 |     3 |     3 |     4 ||    14
       Scroll            |       |    10 |     9 |     3 ||    22
 Stab: Confused          |       |       |     1 |       ||     1
  Eat: Chunk             |     3 |     7 |    15 |    25 ||    50
       Bread ration      |       |     1 |       |       ||     1
       Pizza             |       |       |     1 |     1 ||     2
       Beef jerky        |       |       |       |     4 ||     4
       Royal jelly       |       |       |       |     1 ||     1
Armor: Robe              |     5 |       |       |    57 ||    62
       Ring mail         |    67 |   149 |   282 |   371 ||   869
       Skin              |     4 |       |     2 |    37 ||    43
Dodge: Dodged            |    72 |   144 |   118 |   244 ||   578
